 Dungeon Crawl Stone Soup version 0.21-a0-426-g98080a9 (webtiles) character file.

339 slep the Slasher (level 6, -6/49 HPs)
             Began as a Barachi Fighter on Nov 6, 2017.
             Mangled by an ogre
             ... wielding a +0 giant club
              (10 damage)
             ... on level 4 of the Dungeon.
             The game lasted 00:15:13 (1935 turns).

slep the Slasher (Barachi Fighter)                  Turns: 1935, Time: 00:15:14

Health: -6/49      AC:  8    Str: 19    XL:     6   Next: 55%
Magic:  6/6        EV:  8    Int:  8    God:
Gold:   87         SH:  9    Dex: 12    Spells: 5/5 levels left

rFire    . . .     SeeInvis .   a - +0 long sword
rCold    . . .     Gourm    .   c - +0 shield
rNeg     . . .     Faith    .   b - +0 scale mail
rPois    +         Spirit   .   (no helmet)
rElec    .         Reflect  .   (no cloak)
rCorr    .         Harm     .   (no gloves)
MR       .....                  s - +0 pair of boots
Stlth    ..........             (no amulet)
HPRegen  0.16/turn              i - ring of poison resistance
MPRegen  0.10/turn              (no ring)

@: slow
A: +LOS, swims, slowness 1, strong legs 1
a: Hop


You were on level 4 of the Dungeon.
You were not hungry.

You visited 1 branch of the dungeon, and saw 4 of its levels.

You collected 87 gold pieces.

Inventory:

Hand Weapons
 a - a +0 long sword (weapon)
 q - a +2 hand axe of flaming
 v - a cursed -1 short sword
Armour
 b - a +0 scale mail (worn)
 c - a +0 shield (worn)
 s - a +0 pair of boots (worn)
Jewellery
 i - a ring of poison resistance (left hand)
Scrolls
 e - 3 scrolls of remove curse {unknown}
 h - 5 scrolls of identify {unknown}
 j - a scroll of blinking {unknown}
 k - a scroll of random uselessness {unknown}
 m - a scroll of enchant weapon {unknown}
 o - a scroll of immolation {unknown}
 w - a scroll of enchant armour {unknown}
Potions
 d - a potion of might
 l - 2 potions of degeneration {unknown}
 p - 2 potions of curing {unknown}
 t - a potion of heal wounds {unknown}
Comestibles
 f - 3 bread rations
 g - 3 meat rations
 n - 10 chunks of flesh
 r - a royal jelly
 u - a fruit


   Skills:
 + Level 4.6 Fighting
 + Level 5.4 Long Blades
 + Level 4.8 Armour
 + Level 1.2 Dodging
 + Level 0.9 Stealth
 + Level 4.5 Shields


You had 5 spell levels left.
You didn't know any spells.

Dungeon Overview and Level Annotations

Branches:
Dungeon (4/15)
 Temple: D:4-7

Altars:
Dithmenos
Ru
Sif Muna
Yredelemnul


Innate Abilities, Weirdness & Mutations

Shadows flee at your approach. (+LOS)
You can swim through water.
You cover ground slowly.
You can hop short distances.


Message History

You hit the ogre.
The ogre is heavily wounded.
You hit the ogre but do no damage.
The ogre is heavily wounded.
The ogre hits you with a giant club!
* * * LOW HITPOINT WARNING * * *
You hit the ogre.
The ogre is heavily wounded.
The ogre hits you but does no damage.
You slash the ogre!
The ogre is almost dead.
The ogre barely misses you.
You hit the ogre but do no damage.
The ogre is almost dead.
The ogre hits you with a giant club.
* * * LOW HITPOINT WARNING * * *
You closely miss the ogre.
The ogre is almost dead.
The ogre hits you with a giant club!
You die...

#. .. #. #. #.
#.### #... #
#.O# #. #.@####
..# #.....# ..
#...#.#
#.###.#.# ..#
#.....#.# ..#
####..#.# ..
#..#..#.# ..
#..#).#.# ..
########..#..#.#


You could see an ogre.

Vanquished Creatures
  2 ogres (D:4)
  7 adders
  2 oozes (D:1)
  2 adder skeletons (D:4)
  A worm (D:2)
  3 dart slugs
  4 leopard geckos
  9 orcs
  4 giant cockroaches
  7 goblins
  5 hobgoblins
  15 kobolds
  2 quokkas
  2 ball pythons
  7 bats
  3 frilled lizards (D:1)
  5 rats
80 creatures vanquished.

Notes
Turn   | Place    | Note
-------+----------+-------------------------------------------
     0 | D:1      | slep the Barachi Fighter began the quest for the Orb.
     0 | D:1      | Reached XP level 1. HP: 18/18 MP: 1/1
    68 | D:1      | Reached XP level 2. HP: 19/25 MP: 2/2
   180 | D:1      | Reached skill level 3 in Long Blades
   211 | D:1      | Reached XP level 3. HP: 12/30 MP: 3/3
   716 | D:2      | Found a deep blue altar of Sif Muna.
   741 | D:2      | Reached XP level 4. HP: 14/37 MP: 4/4
   933 | D:2      | Found a shadowy altar of Dithmenos.
   989 | D:2      | Reached skill level 4 in Long Blades
  1077 | D:2      | Reached XP level 5. HP: 36/42 MP: 5/5
  1722 | D:3      | Found a sacrificial altar of Ru.
  1725 | D:3      | Found a basalt altar of Yredelemnul.
  1776 | D:4      | Noticed an ogre
  1784 | D:4      | Killed an ogre
  1784 | D:4      | Reached skill level 5 in Long Blades
  1784 | D:4      | Reached skill level 1 in Dodging
  1784 | D:4      | Reached XP level 6. HP: 29/49 MP: 6/6
  1935 | D:4      | Mangled by an ogre

Vault maps used:
D:1:      lightli_arrival_flooded_house
D:2:      nicolae_overflow_crystal_walls, led_sif_pool
D:3:      nicolae_overflow_hidden_temple
D:4:      first_bread, uniq_sigmund

Skill      XL: |  1  2  3  4  5 |
---------------+----------------+-----
Armour         | 4 |  4.8
Fighting       | 4 |  4.6
Long Blades    | 3 4 5 |  5.4
Shields        | 4 |  4.5
Dodging        | 1 |  1.2
Stealth        | |  0.9

Action                   |  1- 3 |  4- 6 || total
-------------------------+-------+-------++-------
Melee: Long sword        |   125 |   184 ||   309
  Eat: Chunk             |       |     5 ||     5
Armor: Scale mail        |    66 |    71 ||   137
Dodge: Dodged            |    54 |    45 ||    99
Block: Shield            |    67 |    84 ||   151
       Rpst.: Long sword |    16 |    10 ||    26

Table legend:
 A = Spawn XP
 B = Non-spawn XP
 C = Spawn XP percentage of total XP
 D = Spawn monster count
 E = Non-spawn monster count
 F = Spawn count percentage of total count
 G = Total turns spent on level
                    A         B        C        D         E        F      G
               +---------+---------+-------+---------+---------+-------+---------
         Total |       0 |     485 |   0.0 |       0 |      80 |   0.0 |  1935
               +---------+---------+-------+---------+---------+-------+---------
           D:1 |       0 |      58 |   0.0 |       0 |      27 |   0.0 |   571
           D:2 |       0 |     115 |   0.0 |       0 |      25 |   0.0 |   661
           D:3 |       0 |      51 |   0.0 |       0 |      19 |   0.0 |   540
           D:4 |       0 |     261 |   0.0 |       0 |       9 |   0.0 |   163
               +---------+---------+-------+---------+---------+-------+---------
